 Dungeon Crawl Stone Soup version 0.18.1-8-gdd0e5ea (webtiles) character file.

707 mindo the Magician (level 7, -3/42 HPs)
             Began as a High Elf Ice Elementalist on May 24, 2016.
             Slain by an ice beast (6 damage)
             ... on level 5 of the Dungeon.
             The game lasted 00:53:00 (6830 turns).

mindo the Magician (High Elf Ice Elementalist)      Turns: 6830, Time: 00:53:03

Health: -3/42      AC:  2    Str:  7    XL:     7   Next: 39%
Magic:  13/17      EV: 14    Int: 20    God:
Gold:   241        SH:  0    Dex: 17    Spells: 3 memorised, 10 levels left

rFire  + . .     SeeInvis .     j - +0 short sword
rCold  . . .     Gourm    .     a - +0 robe
rNeg   + . .     Faith    .     (no shield)
rPois  .         Spirit   .     (no helmet)
rElec  .         Dismiss  +     (no cloak)
rCorr  .         Reflect  .     (no gloves)
SustAt .         Harm     .     (no boots)
MR     .....                    t - amulet of dismissal
Stlth  ++........               C - ring of protection from fire
                                q - ring of positive energy

@: about to teleport, not resistant to hostile enchantments, unstealthy
A: no striking features
a: no special abilities


You were on level 5 of the Dungeon.
You were not hungry.

You visited 1 branch of the dungeon, and saw 5 of its levels.

You collected 241 gold pieces.

Inventory:

Hand Weapons
 e - a +0 whip
 j - a +0 short sword (weapon)
 B - a cursed -3 hunting sling
 F - a +0 shortbow
 I - a +2 war axe of flaming
Armour
 a - a +0 robe (worn)
 d - a +0 scale mail
 h - a +2 large shield
 p - a +0 helmet
 u - a +0 leather armour
 H - a +3 leather armour
Jewellery
 q - a ring of positive energy (left hand)
 t - an amulet of dismissal (around neck)
 y - an uncursed ring of positive energy
 C - a ring of protection from fire (right hand)
Wands
 E - a wand of acid (9/15)
Scrolls
 c - 2 scrolls of fear {unknown}
 k - a scroll of fog
 n - a scroll of blinking {unknown}
 v - a scroll of enchant weapon {unknown}
 x - a scroll of remove curse {unknown}
 K - a scroll of recharging {unknown}
Potions
 f - a potion of flight {unknown}
 g - a potion of degeneration {unknown}
 i - a potion of cure mutation {unknown}
 r - a potion of lignification {unknown}
 s - 2 potions of brilliance {unknown}
 w - a potion of heal wounds {unknown}
 z - 3 potions of might {unknown}
 A - 2 potions of cancellation {unknown}
 D - a potion of curing
Books
 b - a book of Frost

   Spells                             Type                      Level
   a - Freeze                         Ice                          1
   b - Throw Frost                    Conjuration/Ice              2
   c - Ozocubu's Armour               Charms/Ice                   3
   d - Throw Icicle                   Conjuration/Ice              4
   e - Summon Ice Beast               Ice/Summoning                4
Comestibles
 m - 4 bread rations
 o - 2 fruits
 G - a royal jelly
 J - a beef jerky


   Skills:
 + Level 0.4 Fighting
 + Level 0.5 Short Blades
 + Level 3.4 Dodging
 + Level 3.1 Stealth
 + Level 0.6 Shields
 + Level 6.0 Spellcasting
   Level 1.1 Conjurations
 + Level 1.0 Summonings
 + Level 5.8 Ice Magic


You had 10 spell levels left.
You knew the following spells:

 Your Spells              Type           Power        Failure   Level  Hunger
a - Freeze                Ice            ####         1%          1    None
b - Summon Ice Beast      Ice/Summ       ###.....     30%         4    ####...
c - Ozocubu's Armour      Chrm/Ice       ###.....     12%         3    ##.....


Dungeon Overview and Level Annotations

Branches:
Dungeon (5/15)
 Temple: D:4-7

Altars:
Dithmenos
Trog

Shops:
D:4 =


Message History

The ice beast is lightly wounded.
The ice beast hits you. The ice beast freezes you!
Your ice beast completely misses the ice beast.
You hit the ice beast.
The ice beast is moderately wounded.
The ice beast hits you but does no damage.
Your ice beast hits the ice beast but does no damage.
You hit the ice beast.
The ice beast is moderately wounded.
The ice beast hits you. The ice beast freezes you!
* * * LOW HITPOINT WARNING * * *
Your ice beast barely misses the ice beast.
The ice beast misses you.
As you read the scroll of teleportation, it crumbles to dust.
You feel strangely unstable.
Your ice beast hits the ice beast.
Your ice beast freezes the ice beast.
The ice beast completely resists.
The ice beast hits you.
* * * LOW HITPOINT WARNING * * *
The ice beast freezes you.
You die...

....# ####.##.# #.##.†..##.## #.#
....######.##.# #.##....##..# #.#
.........#.##.# #.##....###.###.#
.........#.##.# #(##....# #..##.#
.).......#.##.# #(##....# ##.##.#
.........#.##.# #(##..[.# #.##.#
.)..######.##.# #.##....# #.##.#
...........##.###.##....# #.##.#
........[.......@Y.'....####..#.#
....#########.###Y##....##.......
.........##.#.# #.##....##.##...#
.....###.##.#(###+###'####.###..#
#.##.# #....#.......# #.# #..#
#.##.#+####.###.......####.# #..#
#.##....###.# #.......#....# #..#
#. #....+<[.# #.......#.##.# #..#
#....###)# #.......#.##.# ##.#


You could see an ice beast and a friendly ice beast.

Vanquished Creatures
  A centaur (D:5)
  A water moccasin zombie (D:5)
  A scorpion (D:4)
  The ghost of Karodes the Cudgeler, a weakling TrBe of Qazlal (D:3)
  A jelly (D:5)
  2 hounds
  2 orc wizards (D:4)
  An iguana (D:5)
  2 worker ants (D:5)
  6 gnolls
  A worker ant zombie (D:5)
  5 adders
  An ooze (D:1)
  A worm (D:3)
  2 dart slugs (D:2)
  A giant gecko (D:2)
  14 orcs
  A ball python (D:4)
  6 bats
  5 goblins
  4 hobgoblins
  A jackal (D:1)
  2 quokkas
  2 giant gecko skeletons (D:5)
  9 giant newts
  10 kobolds
  4 rats
87 creatures vanquished.

Vanquished Creatures (collateral kills)
  A crimson imp (D:5)
  A giant frog skeleton (D:5)
  An orc priest (D:4)
  A centaur skeleton (D:5)
  An iguana (D:4)
  A howler monkey zombie (D:5)
  An adder (D:5)
  A gnoll (D:5)
  2 shadow imps (D:5)
  3 orcs (D:4)
  A giant cockroach (D:5)
14 creatures vanquished.

Grand Total: 101 creatures vanquished

Notes
Turn   | Place    | Note
--------------------------------------------------------------
     0 | D:1      | mindo the High Elf Ice Elementalist began the quest for the Orb.
     0 | D:1      | Reached XP level 1. HP: 11/11 MP: 4/4
   543 | D:1      | Reached XP level 2. HP: 11/17 MP: 0/6
  1809 | D:1      | Reached XP level 3. HP: 17/21 MP: 6/8
  2915 | D:3      | Noticed Karodes's ghost (weakling TrBe)
  3067 | D:3      | Reached skill level 3 in Spellcasting
  3279 | D:3      | Killed Karodes's ghost
  3279 | D:3      | Reached XP level 4. HP: 19/27 MP: 1/10
  3697 | D:4      | Found a bloodstained altar of Trog.
  3783 | D:4      | Learned a level 4 spell: Summon Ice Beast
  3853 | D:4      | Reached XP level 5. HP: 19/31 MP: 1/11
  4071 | D:4      | Noticed a small abomination
  4082 | D:5      | Entered Level 5 of the Dungeon
  4211 | D:5      | Learned a level 3 spell: Ozocubu's Armour
  4278 | D:4      | Reached skill level 4 in Spellcasting
  4720 | D:5      | Reached XP level 6. HP: 33/36 MP: 5/13
  5019 | D:5      | Reached skill level 5 in Spellcasting
  5088 | D:5      | Reached skill level 5 in Ice Magic
  5363 | D:5      | Found a shadowy altar of Dithmenos.
  5363 | D:5      | Noticed an ice beast
  5923 | D:4      | Reached XP level 7. HP: 30/42 MP: 9/16
  6070 | D:4      | Reached skill level 1 in Summonings
  6239 | D:4      | Found Siyros's Jewellery Shoppe.
  6590 | D:5      | Reached skill level 6 in Spellcasting
  6830 | D:5      | Slain by an ice beast

Skill      XL: |  1  2  3  4  5  6  7 |
---------------+----------------------+-----
Spellcasting   | 3 4 5 6 |  6.0
Ice Magic      | 4 5 |  5.8
Dodging        | 3 |  3.4
Stealth        | 3 |  3.1
Summonings     | 1 |  1.0
Fighting       | |  0.4
Short Blades   | |  0.5
Shields        | |  0.6
Conjurations   | |  1.1

Action                   |  1- 3 |  4- 6 |  7- 9 || total
-------------------------+-------+-------+-------++-------
Melee: Unarmed           |     6 |       |       ||     6
       Whip              |    15 |       |       ||    15
       Short sword       |    38 |    13 |    14 ||    65
 Cast: Freeze            |    53 |    94 |    35 ||   182
       Summon Ice Beast  |       |    13 |     7 ||    20
       Ozocubu's Armour  |       |     2 |     1 ||     3
  Use: Potion            |     3 |     2 |       ||     5
       Scroll            |       |     8 |     1 ||     9
  Eat: Bread ration      |     1 |     1 |       ||     2
       Beef jerky        |     1 |       |       ||     1
       Meat ration       |       |     1 |     1 ||     2
       Pizza             |       |     1 |       ||     1
       Royal jelly       |       |     1 |       ||     1
Armor: Robe              |    33 |    16 |     3 ||    52
       Leather armour    |       |     5 |     2 ||     7
Dodge: Dodged            |    73 |   117 |    40 ||   230
Block: Large shield      |    58 |       |       ||    58
